 Dungeon Crawl Stone Soup version 0.14-a0-1097-gc7db7fc (webtiles) character file.

260 4tharraofdagon the Digger (level 5, -3/33 HPs)
             Began as a Halfling Wanderer on Nov 27, 2013.
             Was a Believer of Makhleb.
             Slain by Menkaure (10 damage)
             ... in an ossuary.
             The game lasted 00:07:38 (1220 turns).

4tharraofdagon the Digger (Halfling Wanderer)       Turns: 1220, Time: 00:07:38

HP  -3/33        AC  9     Str 10      XL: 5   Next: 74%
MP   0/7         EV 11     Int 15      God: Makhleb [**....]
Gold 95          SH  0     Dex 16      Spells:  1 memorised,  6 levels left

rFire  . . .     SeeInvis .     m - +0 war axe
rCold  . . .     Clarity  .     p - +0 ring mail of the Blizzard {Int+3 Dam+4 Curse}
rNeg   . . .     Conserve .     (no shield)
rPois  .         rCorr    .     u - +0 helmet
rElec  .         rRot     .     r - +0 orc cloak
SustAb . .       Spirit   +     (no gloves)
rMut   .         Warding  .     n - +1 pair of boots
Saprov . . .     Stasis   .     o - amulet of guardian spirit
                                (no ring)
                                (no ring)

@: slightly resistant to hostile enchantments, unstealthy
A: mutation resistance 1, slow metabolism 1
a: Minor Destruction, Renounce Religion


You were in an ossuary.
You worshipped Makhleb.
Makhleb was pleased with you.
You were not hungry.

You visited 2 branches of the dungeon, and saw 8 of its levels.
You also visited: Ossuary.

You collected 95 gold pieces.

Inventory:

Hand weapons
 b - a +0,+0 spear
 f - a +0,+0 hand axe
 i - a +0,+0 orcish spear
 m - a +0,+0 war axe (weapon)
Missiles
 v - 8 poisoned needles
Armour
 c - a +0 robe
 n - a +1 pair of boots (worn)
 p - the +0 ring mail of the Blizzard (worn) {Int+3 Dam+4 Curse}
   (You found it on level 5 of the Dungeon)

   It affects your intelligence (+3).
   It affects your damage-dealing abilities (+4).
   It may recurse itself.
 q - the +0 robe "Jaczoxke" {Str-5 Int+3, unknown}
   (You found it on level 5 of the Dungeon)

   It affects your strength (-5).
   It affects your intelligence (+3).
 r - a +0 orcish cloak (worn)
 u - a +0 helmet (worn)
Magical devices
 a - a wand of frost (0)
Comestibles
 d - 3 bread rations
 k - an apple
 s - a pear
Scrolls
 e - a scroll of remove curse
 g - a scroll of amnesia {unknown}
 j - a scroll of magic mapping
 l - a scroll of fog {unknown}
 t - a scroll of curse armour
Jewellery
 h - an uncursed ring of fire
 o - an amulet of guardian spirit (around neck)


   Skills:
 + Level 2.8 Fighting
 * Level 2.7 Axes
 - Level 1.3 Throwing
 + Level 1.2 Armour
 + Level 2.5 Dodging
 - Level 1.3 Stealth
 - Level 1.5 Spellcasting
 - Level 3.0 Earth Magic
 + Level 0.0 Invocations
 - Level 1.1 Evocations


You had 6 spell levels left.
You knew the following spells:

 Your Spells              Type           Power        Failure   Level  Hunger
a - Sandblast             Erth           ##....       14%         1    ##.....


Dungeon Overview and Level Annotations

Branches:
Dungeon (7/16)             Temple (1/1) D:4

Altars:
Ashenzari
Cheibriados
Elyvilon
Kikubaaqudgha
Makhleb
Nemelex Xobeh
Okawaru
Yredelemnul
the Shining One

Annotations:
Ossuary Menkaure


Innate Abilities, Weirdness & Mutations

You are small and have problems with some larger weapons.
You are somewhat resistant to further mutation.
You have a slow metabolism.


Message History

Menkaure whispers, "Let me perform the rites..."
Menkaure misses you.
You hit Menkaure.
Menkaure is lightly damaged.
Menkaure barely misses you.
You hit Menkaure but do no damage.
Menkaure is lightly damaged.
Menkaure calls on the powers of darkness!
Your body is wracked with pain!
Menkaure barely misses you.
Unknown command.
You slash Menkaure!
Menkaure is heavily damaged.
Menkaure hits you!
* * * LOW HITPOINT WARNING * * *
Menkaure closely misses you.
Unknown command.
You barely miss Menkaure.
Menkaure is heavily damaged.
Menkaure hits you!
You die...

##..##(.##....##..##
##.^##^.##..##..##..#
##..##..##(.####..##..
##..##..##..## ##.)##(
##..##..##..## ##..##
##..##..##..## ##..#
##..##..##..## ##..
##.^##..##..## ##. ##..##..##.@##
## ##..##..##.M## #
##..##..##.....M.M..(
##..##.^#######################
##..##.................(........
##..#############################
#.........^^.....................
#################################


You could see Menkaure.

Vanquished Creatures
  A hound (D:6)
  2 worker ants
  3 mummies
  An adder (D:6)
  A worm (D:5)
  An iguana skeleton (D:3)
  3 bats
  2 gnoll zombies (Ossuary)
  4 goblins
  3 hobgoblins
  A kobold (D:7)
  3 training dummies (D:6)
  A giant newt (D:4)
  A gnoll skeleton (Ossuary)
  2 goblin skeletons (Ossuary)
  3 goblin zombies (Ossuary)
  2 hobgoblin skeletons (Ossuary)
  2 hobgoblin zombies (Ossuary)
  2 kobold skeletons (Ossuary)
  4 kobold zombies
  5 orc skeletons (Ossuary)
  4 orc zombies (Ossuary)
  3 rats
  A rat skeleton (Ossuary)
  4 rat zombies (Ossuary)
59 creatures vanquished.

Vanquished Creatures (others)
  A gnoll skeleton (Ossuary)
  3 goblin skeletons (Ossuary)
  A goblin zombie (Ossuary)
  A hobgoblin skeleton (Ossuary)
  2 hobgoblin zombies (Ossuary)
  2 kobold skeletons (Ossuary)
  4 orc skeletons (Ossuary)
  2 orc zombies (Ossuary)
  A rat skeleton (Ossuary)
  2 rat zombies (Ossuary)
19 creatures vanquished.

Grand Total: 78 creatures vanquished

Notes
Turn   | Place    | Note
--------------------------------------------------------------
     0 | D:1      | 4tharraofdagon, the Halfling Wanderer, began the quest for the Orb.
     0 | D:1      | Reached XP level 1. HP: 12/12 MP: 2/2
   101 | D:2      | Reached skill level 1 in Axes
   101 | D:2      | Reached XP level 2. HP: 15/18 MP: 3/3
   315 | D:4      | Found a staircase to the Ecumenical Temple.
   337 | Temple   | Entered the Ecumenical Temple
   358 | Temple   | Became a worshipper of Makhleb the Destroyer
   398 | D:4      | Noticed an ogre
   408 | D:5      | Entered Level 5 of the Dungeon
   431 | D:5      | Got a smoking ring mail
   440 | D:5      | Identified the +0 ring mail of the Blizzard {Int+3 Dam+4 Curse} (You found it on level 5 of the Dungeon)
   473 | D:5      | Reached XP level 3. HP: 6/22 MP: 1/5
   577 | D:5      | Reached skill level 1 in Dodging
   595 | D:5      | Got a distressingly furry robe
   598 | D:5      | Reached XP level 4. HP: 22/28 MP: 6/6
   607 | D:6      | Noticed a phantom
   616 | D:6      | Noticed a black bear
   752 | D:6      | Found an iron altar of Okawaru.
   759 | D:6      | Reached skill level 1 in Armour
   759 | D:6      | Reached XP level 5. HP: 31/33 MP: 7/7
   923 | D:7      | Found a sand-covered staircase.
   960 | Ossuary  | Entered an ossuary
   963 | Ossuary  | Acquired Makhleb's first power
  1168 | Ossuary  | Acquired Makhleb's second power
  1212 | Ossuary  | Noticed Menkaure
  1220 | Ossuary  | Slain by Menkaure

Action                   |  1- 3 |  4- 6 || total
-------------------------+-------+-------++-------
Melee: Spear             |    19 |       ||    19
       War axe           |    16 |    90 ||   106
Invok: Minor Destruction |       |     2 ||     2
Evoke: Wand              |    12 |     3 ||    15
  Use: Potion            |     1 |       ||     1
       Scroll            |       |     4 ||     4
 Stab: Sleeping          |     1 |     1 ||     2
